 Dungeon Crawl Stone Soup version 0.22-a0-603-gfc1114d (webtiles) character file.

151 Hebeh the Skirmisher (level 5, -2/47 HPs)
             Began as a Minotaur Fighter on July 7, 2018.
             Killed from afar by an orc wizard (4 damage)
             ... with a magic dart
             ... on level 2 of the Dungeon.
             The game lasted 00:03:45 (1715 turns).

Hebeh the Skirmisher (Minotaur Fighter)             Turns: 1715, Time: 00:03:46

Health: -2/47      AC:  7    Str: 22    XL:     5   Next: 10%
Magic:  4/4        EV:  7    Int:  5    God:
Gold:   72         SH:  9    Dex:  9    Spells: 4/4 levels left

rFire    . . .     SeeInvis .   a - +0 war axe
rCold    . . .     Gourm    .   c - +0 shield
rNeg     . . .     Faith    .   b - +0 scale mail
rPois    .         Spirit   .   (helmet restricted)
rElec    .         Reflect  .   (no cloak)
rCorr    .         Harm     .   (no gloves)
MR       .....                  (no boots)
Stlth    ..........             (no amulet)
HPRegen  0.15/turn              (no ring)
MPRegen  0.09/turn              (no ring)

@: slowed, very slow
A: retaliatory headbutt, horns 2
a: no special abilities


You were on level 2 of the Dungeon.
You were not hungry.

You visited 1 branch of the dungeon, and saw 2 of its levels.

You collected 72 gold pieces.

Inventory:

Hand Weapons
 a - a +0 war axe (weapon)
Missiles
 e - 92 stones (quivered)
Armour
 b - a +0 scale mail (worn)
 c - a +0 shield (worn)
Jewellery
 m - an uncursed amulet of the gourmand {unknown}
Scrolls
 h - a scroll of teleportation {unknown}
 j - 2 scrolls of fear {unknown}
 l - 3 scrolls of identify {unknown}
 n - a scroll of noise {unknown}
 q - a scroll of remove curse {unknown}
Potions
 d - a potion of might
 g - a potion of ambrosia {unknown}
 i - 2 potions of heal wounds {unknown}
 o - a potion of berserk rage {unknown}
 p - a potion of haste {unknown}
Comestibles
 f - 3 rations


   Skills:
 + Level 4.5 Fighting
 * Level 4.4 Axes
 + Level 4.5 Armour
 + Level 4.4 Shields


You had 4 spell levels left.
You didn't know any spells.
Your spell library was empty.

Dungeon Overview and Level Annotations

Branches:
Dungeon (2/15)

Altars:


Innate Abilities, Weirdness & Mutations

You reflexively headbutt those who attack you in melee.
You have a pair of horns on your head.


Message History

* * * LOW HITPOINT WARNING * * *
You block Natasha's attack. The white imp barely misses you.
Natasha claws you but does no damage.
The orc wizard gestures at you while chanting.
You feel as though you will be slow longer.
You hit Natasha.
You kill Natasha!
You feel Natasha's spirit has finally been put to rest.
The white imp disappears in a puff of smoke!
You have reached level 5!
You barely miss the orc wizard.
The orc wizard hits you but does no damage.
The orc wizard casts a spell at you.
You feel as though you will be slow longer.
The orc wizard hits you but does no damage.
You barely miss the orc wizard. Your headbutt misses the orc wizard.
The orc wizard is severely wounded.
The orc wizard gestures at you while chanting.
The magic dart hits you!
You die...

#.....<....#.........#
#..........#.#....>..# #####
#..............#.##### ....#
######.#.###(#.#.#
....########.#.#.......###
....'......#...#.#.#.....##
....######.##..#...#......# #####
....# #.........#.###..# #....
....############@!........# #.###
##.............o.......##.###.###
######################...........
####### .........###.... รท.....#
#####.#.## ##### [.....#
#...#....# #.... ......#
#.#.#....# #.### ......#
#...#..#.# #.##. #######
#...>....# #.##.


You could see an orc wizard.

Vanquished Creatures
  An orc wizard (D:2)
  Natasha (thrice) (D:2)
  An ooze (D:1)
  3 worms (D:2)
  2 dart slugs
  A leopard gecko (D:2)
  3 orcs (D:2)
  5 goblins
  3 hobgoblins
  2 kobolds
  3 bats
  4 frilled lizards
  3 rats (D:1)
34 creatures vanquished.

Notes
Turn   | Place    | Note
-------+----------+-------------------------------------------
     0 | D:1      | Hebeh the Minotaur Fighter began the quest for the Orb.
     0 | D:1      | Reached XP level 1. HP: 19/19 MP: 0/0
   314 | D:1      | Reached XP level 2. HP: 27/27 MP: 1/1
   954 | D:2      | Reached XP level 3. HP: 15/33 MP: 2/2
  1322 | D:2      | Noticed Natasha
  1325 | D:2      | Killed Natasha
  1325 | D:2      | Reached XP level 4. HP: 34/40 MP: 3/3
  1339 | D:2      | Noticed Natasha
  1346 | D:2      | Killed Natasha
  1700 | D:2      | Noticed Natasha
  1713 | D:2      | HP: 2/41 [orc wizard/magic dart (6)]
  1714 | D:2      | Killed Natasha
  1714 | D:2      | Reached XP level 5. HP: 2/47 MP: 4/4
  1715 | D:2      | Killed from afar by an orc wizard

Vault maps used:
D:1:      dpeg_arrival_leaves_temple_mockup
D:2:      amethyst_overflow_temple_binary, first_ration, uniq_natasha

Skill      XL: |  1  2  3 |
---------------+----------+-----
Axes           | 3 4 |  4.4
Armour         | 4 |  4.5
Fighting       | 4 |  4.5
Shields        | 4 |  4.4

Action                   |  1- 3 |  4- 6 || total
-------------------------+-------+-------++-------
Melee: War axe           |    59 |    35 ||    94
       Headbutt          |     7 |     6 ||    13
  Eat: Ration            |     1 |       ||     1
Armor: Scale mail        |    26 |    17 ||    43
Dodge: Dodged            |    13 |    15 ||    28
Block: Shield            |    22 |    26 ||    48

Table legend:
 A = Spawn XP
 B = Non-spawn XP
 C = Spawn XP percentage of total XP
 D = Spawn monster count
 E = Non-spawn monster count
 F = Spawn count percentage of total count
 G = Total turns spent on level
                    A         B        C        D         E        F      G
               +---------+---------+-------+---------+---------+-------+---------
         Total |       0 |     216 |   0.0 |       0 |      34 |   0.0 |  1715
               +---------+---------+-------+---------+---------+-------+---------
           D:1 |       0 |      26 |   0.0 |       0 |      13 |   0.0 |   905
           D:2 |       0 |     190 |   0.0 |       0 |      21 |   0.0 |   810
               +---------+---------+-------+---------+---------+-------+---------
